 Dungeon Crawl Stone Soup version 0.18.1-8-gdd0e5ea (webtiles) character file.

2903 deorigin the Cleaver (level 9, -4/73 HPs)
             Began as a Deep Dwarf Gladiator on May 26, 2016.
             Slain by an orc warrior
             ... wielding a +0 halberd
              (18 damage)
             ... on level 7 of the Dungeon.
             The game lasted 00:14:15 (4855 turns).

deorigin the Cleaver (Deep Dwarf Gladiator)         Turns: 4855, Time: 00:14:16

Health: -4/73      AC: 17    Str: 19    XL:     9   Next: 49%
Magic:  7/7        EV:  9    Int: 10    God:
Gold:   391        SH:  0    Dex: 15    Spells: 0 memorised, 8 levels left

rFire  . . .     SeeInvis .     R - +0 broad axe
rCold  . . .     Gourm    .     y - +0 chain mail
rNeg   . . .     Faith    .     (no shield)
rPois  .         Spirit   .     c - +0 helmet
rElec  .         Dismiss  .     (no cloak)
rCorr  +         Reflect  .     T - +0 pair of gloves
SustAt .         Harm     .     L - +0 pair of boots
MR     +....                    (no amulet)
Stlth  ..........               D - ring of resist corrosion
                                F - +3 ring of protection (curse)

@: non-regenerating, somewhat resistant to hostile enchantments, extremely
unstealthy
A: damage resistance, recharge devices, sense surroundings 2, slow regeneration
3
a: Device Recharging


You were on level 7 of the Dungeon.
You were hungry.

You visited 2 branches of the dungeon, and saw 8 of its levels.

You collected 391 gold pieces.

Inventory:

Hand Weapons
 a - a +0 war axe
 Q - a +0 battleaxe
 R - a +0 broad axe (weapon)
Missiles
 d - 3 throwing nets (quivered)
 r - 39 poisoned needles
Armour
 b - a +0 leather armour
 c - a +0 helmet (worn)
 k - a +0 ring mail of cold resistance
 s - a +0 ring mail
 u - a +0 scale mail
 y - a +0 chain mail (worn)
 L - a +0 pair of boots (worn)
 T - a +0 pair of gloves (worn)
Jewellery
 A - an uncursed ring of flight
 D - a ring of resist corrosion (right hand)
 F - a cursed +3 ring of protection (left hand)
Wands
 e - a wand of heal wounds (2/9)
Scrolls
 g - 3 scrolls of teleportation {unknown}
 i - 2 scrolls of fear {unknown}
 l - 2 scrolls of amnesia {unknown}
 q - 3 scrolls of recharging {unknown}
 t - 4 scrolls of remove curse {unknown}
 v - a scroll of random uselessness {unknown}
 w - 2 scrolls of fog {unknown}
 x - 9 scrolls of identify {unknown}
 B - a scroll of blinking {unknown}
 C - a scroll of magic mapping {unknown}
 I - a scroll of enchant armour {unknown}
 N - a scroll of immolation {unknown}
 S - a scroll of vulnerability {unknown}
Potions
 h - 2 potions of brilliance {unknown}
 j - 4 potions of heal wounds {unknown}
 m - 3 potions of degeneration {unknown}
 o - a potion of haste {unknown}
 z - a potion of invisibility {unknown}
 E - 3 potions of flight {unknown}
 J - 2 potions of agility {unknown}
 K - a potion of magic {unknown}
 M - 3 potions of lignification {unknown}
 P - a potion of curing {unknown}
 U - a potion of cure mutation {unknown}
Comestibles
 f - 7 bread rations
 p - 2 beef jerkies
 G - 3 meat rations
 H - 2 royal jellies
 O - a slice of pizza


   Skills:
 - Level 1.7 Fighting
 + Level 12.7 Axes
 - Level 1.7 Throwing
 - Level 6.7 Armour
 - Level 3.2 Dodging


You had 8 spell levels left.
You didn't know any spells.

Dungeon Overview and Level Annotations

Branches:
Dungeon (7/15)             Temple (1/1) D:6

Altars:
Ashenzari
Dithmenos
Elyvilon
Gozag
Nemelex Xobeh
Okawaru
Pakellas
Qazlal
Ru
Sif Muna
Trog
Xom
Yredelemnul


Innate Abilities, Weirdness & Mutations

You are resistant to damage.
You can recharge devices by infusing magical energy.
You passively map the area around you.
You do not regenerate naturally.


Message History

The orc warrior closely misses you.
You hit the orc warrior but do no damage.
The orc warrior is lightly wounded.
The orc warrior hits you with a halberd.
You barely miss the orc warrior.
The orc warrior is lightly wounded.
The orc warrior misses you.
You slash the orc warrior!
The orc warrior is moderately wounded.
Your chain mail prevents you from hitting the orc warrior.
The orc warrior is moderately wounded.
The orc warrior hits you with a halberd!
You barely miss the orc warrior.
The orc warrior is moderately wounded.
The orc warrior hits you with a halberd!
* * * LOW HITPOINT WARNING * * *
You closely miss the orc warrior.
The orc warrior is moderately wounded.
The orc warrior hits you with a halberd!!
You die...

* * #..*#...###, *
,.#.* ##.# ..#....
* ... #..##.#....#
* #..
##..........., *
#...#........# , **
#...#.#......#, * *
,* #....#......# *
* #....o......# ,,
* , .....#@#######
,,,####*#....#####.
,, * , * *
##........., * * *
#.[..#### * , , ,
#.<.## , * #.[.#
.#* ** ,
##.>.#####.## ,
##............ * ,*
* ##............#


You could see an orc warrior.

Vanquished Creatures
  Grinder (D:4)
  Eustachio (D:6)
  3 yaks
  2 hippogriffs (D:6)
  Menkaure (D:4)
  Duvessa (D:4)
  An ice beast (D:4)
  A black bear (D:6)
  An ogre (D:5)
  A centaur (D:6)
  Blork the orc (D:6)
  Dowan (D:4)
  2 giant frogs
  A wyvern skeleton (D:6)
  A scorpion (D:5)
  A wasp zombie (D:6)
  3 jellies
  3 crimson imps
  2 orc priests (D:6)
  5 hounds
  Jessica (D:2)
  5 orc wizards
  3 worker ants
  Terence (D:3)
  A hound zombie (D:6)
  A hound skeleton (D:6)
  A worker ant zombie (D:6)
  A gnoll (D:1)
  12 adders
  3 oozes
  An adder skeleton (D:2)
  2 worms (D:3)
  2 dart slugs
  4 giant geckos
  9 orcs
  2 bat zombies (D:2)
  8 giant cockroaches
  5 goblins
  2 hobgoblins (D:2)
  9 jackals
  4 quokkas
  7 bats
  3 giant gecko skeletons (D:2)
  4 giant newts
  4 kobolds (D:1)
  10 rats
138 creatures vanquished.

Notes
Turn   | Place    | Note
--------------------------------------------------------------
     0 | D:1      | deorigin the Deep Dwarf Gladiator began the quest for the Orb.
     0 | D:1      | Reached XP level 1. HP: 19/19 MP: 1/1
   125 | D:1      | Reached skill level 4 in Axes
   125 | D:1      | Reached XP level 2. HP: 26/26 MP: 2/2
   294 | D:1      | Reached XP level 3. HP: 12/32 MP: 3/3
   659 | D:2      | Reached skill level 5 in Axes
   674 | D:2      | Found a basalt altar of Yredelemnul.
   772 | D:2      | Noticed Jessica
   780 | D:2      | Killed Jessica
   780 | D:2      | Reached XP level 4. HP: 32/39 MP: 4/4
  1196 | D:2      | Reached skill level 6 in Axes
  1518 | D:3      | Noticed Terence
  1518 | D:3      | Noticed an orc warrior
  1609 | D:3      | Killed Terence
  1609 | D:3      | Reached XP level 5. HP: 28/45 MP: 5/5
  1686 | D:3      | Found a white marble altar of Elyvilon.
  2026 | D:3      | Reached skill level 1 in Armour
  2166 | D:4      | Reached skill level 7 in Axes
  2200 | D:4      | Noticed Menkaure
  2204 | D:4      | Reached XP level 6. HP: 31/52 MP: 6/6
  2210 | D:4      | Killed Menkaure
  2386 | D:4      | Noticed Duvessa
  2390 | D:4      | Noticed Dowan
  2402 | D:4      | Killed Duvessa
  2402 | D:4      | Reached skill level 8 in Axes
  2402 | D:4      | Reached XP level 7. HP: 40/58 MP: 7/7
  2429 | D:4      | Killed Dowan
  2513 | D:4      | Noticed Grinder
  2519 | D:4      | Paralysed by Grinder for 7 turns
  2531 | D:4      | Killed Grinder
  2570 | D:4      | Reached skill level 5 in Armour
  2577 | D:4      | Found a shimmering altar of Xom.
  2732 | D:4      | Found a shadowy altar of Dithmenos.
  2815 | D:5      | Entered Level 5 of the Dungeon
  3020 | D:5      | Reached skill level 9 in Axes
  3020 | D:5      | Reached XP level 8. HP: 5/66 MP: 8/8
  3224 | D:4      | Reached skill level 10 in Axes
  3722 | D:6      | Found a sacrificial altar of Ru.
  3736 | D:6      | Reached skill level 11 in Axes
  3764 | D:6      | Gained mutation: You passively map the area around you. [Deep Dwarf growth]
  3764 | D:6      | Reached XP level 9. HP: 60/73 MP: 8/8
  3891 | D:6      | Noticed Eustachio
  3929 | D:6      | Killed Eustachio
  4010 | D:6      | Noticed Blork the orc
  4017 | D:6      | Killed Blork the orc
  4150 | D:6      | Found a staircase to the Ecumenical Temple.
  4167 | Temple   | Entered the Ecumenical Temple
  4431 | D:6      | Reached skill level 12 in Axes
  4855 | D:7      | Slain by an orc warrior

Skill      XL: |  1  2  3  4  5  6  7  8  9 |
---------------+----------------------------+-----
Axes           | 4 5 6 7 8 9 11 12 | 12.7
Armour         | 2 3 5 6 |  6.7
Fighting       | |  1.7
Throwing       | |  1.7
Dodging        | |  3.2

Action                   |  1- 3 |  4- 6 |  7- 9 || total
-------------------------+-------+-------+-------++-------
Melee: War axe           |    90 |   172 |   219 ||   481
       Broad axe         |       |       |   113 ||   113
       Battleaxe         |       |       |     5 ||     5
 Abil: Device Recharging |       |       |     2 ||     2
Evoke: Wand              |     1 |     3 |     8 ||    12
  Eat: Chunk             |       |     5 |     8 ||    13
Armor: Leather armour    |     6 |       |       ||     6
       Ring mail         |    22 |    46 |       ||    68
       Chain mail        |       |    64 |   227 ||   291
Dodge: Dodged            |    81 |   109 |   160 ||   350
